 Dungeon Crawl Stone Soup version 0.23-a0-309-ge7838e6b1f (webtiles) character file.

38401 PikkenKukken the Spear-Bearer (level 13, -1/98 HPs)
             Began as a Demonspawn Fighter on Oct 11, 2018.
             Was a High Priest of Makhleb.
             Slain by a hornet (6 damage)
             ... on level 5 of the Lair of Beasts.
             The game lasted 00:41:22 (21375 turns).

PikkenKukken the Spear-Bearer (Demonspawn Fighter) Turns: 21375, Time: 00:41:22

Health: -1/98      AC: 13    Str: 28    XL:     13   Next: 63%
Magic:  21/21      EV: 14    Int: 12    God:    Makhleb [*****.]
Gold:   792        SH: 13    Dex: 13    Spells: 12/12 levels left

rFire    . . .     SeeInvis .   K - +3 trident (vamp)
rCold    + . .     Gourm    .   c - +1 shield
rNeg     . . .     Faith    .   C - +0 chain mail
rPois    +         Spirit   .   J - +1 helmet
rElec    .         Reflect  .   b - scarf {repulsion}
rCorr    .         Harm     .   (gloves unavailable)
MR       +....                  (no boots)
Stlth    ..........             L - amulet of rage
HPRegen  0.26/turn              F - ring of protection from magic
MPRegen  0.17/turn              y - ring of poison resistance

@: mighty, lethally poisoned (-1 -> -4), repel missiles
A: claws 3, hooves 1, repulsion field 2, clever 1, cold resistance 1, powered by
pain 1, strong 1
a: Minor Destruction, Lesser Servant of Makhleb, Major Destruction, Greater
Servant of Makhleb, Renounce Religion, Evoke Berserk Rage


You were on level 5 of the Lair of Beasts.
You worshipped Makhleb.
Makhleb was extremely pleased with you.
You were hungry.

You visited 2 branches of the dungeon, and saw 16 of its levels.

You collected 1032 gold pieces.
You spent 240 gold pieces at shops.

Inventory:

Hand Weapons
 a - a +1 trident of freezing
 p - a +1 spear of venom
 K - a +3 vampiric trident (weapon)
Armour
 b - a scarf of repulsion (worn)
 c - a +1 shield (worn)
 x - the +0 Maxwell's etheric cage {RegenMP+ *Contam rElec MP+4}
   (You acquired it on level 10 of the Dungeon)

   It insulates you from electricity.
   It affects your magic capacity (+4).
   It causes magical contamination when unequipped.
 C - a +0 chain mail (worn)
 J - a +1 helmet (worn)
Jewellery
 g - an uncursed amulet of magic regeneration
 m - an uncursed ring of protection from cold
 s - an uncursed ring of protection from cold
 y - a ring of poison resistance (right claw)
 F - a ring of protection from magic (left claw)
 L - an amulet of rage (around neck)
 R - an uncursed ring of attention
Wands
 i - a wand of digging (11)
 u - a wand of polymorph (29)
 v - a wand of paralysis (22)
 z - a wand of disintegration (23)
 I - a wand of random effects (57)
 M - a wand of acid (6)
 Q - a wand of flame (40)
Scrolls
 e - 3 scrolls of remove curse
 h - 8 scrolls of identify
 j - 4 scrolls of amnesia
 r - 6 scrolls of teleportation
 B - a scroll of magic mapping
 N - a scroll of enchant weapon
 P - a scroll of fear
Potions
 d - a potion of might
 l - 3 potions of agility {unknown}
 n - 3 potions of invisibility
 o - 2 potions of haste
 t - 3 potions of lignification
 w - a potion of mutation
 D - 2 potions of curing
 E - 2 potions of flight
 H - a potion of berserk rage {unknown}
 O - a potion of brilliance {unknown}
Comestibles
 f - 21 rations
 k - 15 chunks of flesh


   Skills:
 + Level 7.8 Fighting
 + Level 12.1 Polearms
 + Level 9.2 Armour
 - Level 7.0 Dodging
 + Level 9.2 Shields
 + Level 11.9 Invocations
 - Level 5.0 Evocations


You had 12 spell levels left.
You didn't know any spells.
Your spell library contained the following spells:

 Spells                   Type           Power        Failure   Level  Hunger
 Magic Dart               Conj           #...         97%         1    ##.....
 Sting                    Conj/Pois      #...         97%         1    ##.....
 Summon Butterflies       Summ           #.......     97%         1    ##.....
 Corpse Rot               Necr           N/A          99%         2    ###....
 Poisonous Vapours        Pois/Air       #.....       99%         2    ###....
 Searing Ray              Conj           #.....       99%         2    ###....
 Sublimation of Blood     Necr           #.........   99%         2    ###....
 Call Canine Familiar     Summ           #.......     100%        3    ####...
 Dazzling Spray           Conj/Hex       #.....       100%        3    ####...
 Mephitic Cloud           Conj/Pois/Air  #.......     100%        3    ####...
 Force Lance              Conj/Tloc      #.......     100%        4    #####..
 Fulminant Prism          Conj/Hex       #.........   100%        4    #####..
 Iskenderun's Mystic Bla  Conj           #.......     100%        4    #####..
 Leda's Liquefaction      Hex/Erth       #.........   100%        4    #####..
 Olgreb's Toxic Radiance  Pois           #.......     100%        4    #####..
 Summon Ice Beast         Ice/Summ       #.......     100%        4    #####..
 Agony                    Necr           #.......     100%        5    ######.
 Bolt of Draining         Conj/Necr      #.........   100%        5    ######.
 Bolt of Magma            Conj/Fire/Erth #.........   100%        5    ######.
 Dispel Undead            Necr           #.......     100%        5    ######.
 Excruciating Wounds      Chrm/Necr      #.........   100%        5    ######.
 Summon Mana Viper        Hex/Summ       #.......     100%        5    ######.
 Venom Bolt               Conj/Pois      #.........   100%        5    ######.
 Iron Shot                Conj/Erth      #.........   100%        6    #######
 Statue Form              Tmut/Erth      #........    100%        6    #######
 Summon Hydra             Summ           #.........   100%        7    #######
 Shatter                  Erth           #.........   100%        9    #######


Dungeon Overview and Level Annotations

Branches:
Dungeon (10/15)            Temple (0/1) D:6            Lair (6/6) D:9
  Swamp (0/4) Lair:3       Spider (0/4) Lair:3        Slime (0/5) Lair:5
    Orc: D:9-12

Altars:
Cheibriados
Elyvilon
Fedhas
Gozag
Makhleb
Nemelex Xobeh
Qazlal
Vehumet
Xom
Jiyva

Shops:
D:2 *   D:7 =[[

Annotations:
D:3 3 runed doors, derval's ghost, amateur MfIE
Lair:2 exclusion: oklob plant
Lair:4 1 runed door, Meate's ghost, journeyman MiBe
Lair:5 1 runed door


Innate Abilities, Weirdness & Mutations

You have claws for hands.
You are surrounded by a moderate repulsion field. (EV +3)
Your flesh is cold resistant. (rC+)
You sometimes gain a little power by taking damage.
You have large cloven feet.
Your mind is acute. (Int +2)
Your muscles are strong. (Str +2)


Message History

The black mamba bites you but does no damage.
The hornet misses you.
You puncture the black mamba! Your kick misses the black mamba.
The black mamba is moderately wounded.
You block the black mamba's attack.
The hornet stings you but does no damage.
The black mamba bites you!
* * * LOW HITPOINT WARNING * * *
Unknown command.
You closely miss the black mamba.
The black mamba is moderately wounded.
You feel sick. The hornet stings you!
* * * LOW HITPOINT WARNING * * *
The black mamba bites you.
* * * LOW HITPOINT WARNING * * *
Unknown command.
You feel very mighty all of a sudden. You block the hornet's attack.
You block the black mamba's attack. The hornet stings you.
You die...

###.#####...P.......##
#...#.##....#........#
#.....................
##P...................
#....................
##........>...........
##.P...................
#..P..yS...).........P.
##...#@#...#####.......
##...###....##......#.
#...#..#..###P....PP.
#..##.............PP.
#..##.............##.
#..P###...........##.
##....##..##.......###
#....###.PP.##......#.
###...................


You could see a black mamba and a hornet.

Vanquished Creatures
  3 hydras
  Harold (D:9)
  Erica (D:8)
  2 death yaks (D:10)
  Urug (Lair:2)
  A wolf spider (Lair:6)
  3 black mambas
  A centaur zombie (D:10)
  A torpor snail (Lair:5)
  15 spiny frogs
  7 komodo dragons
  4 rime drakes
  2 polar bears (Lair:2)
  A queen bee (D:9)
  A troll (D:10)
  A jumping spider (Lair:3)
  2 hornets
  5 dream sheep (Lair:5)
  6 blink frogs
  6 hippogriffs
  5 wyverns
  41 yaks
  A basilisk (Lair:3)
  2 steam dragons
  Grum (D:10)
  5 soldier ants (Lair:3)
  13 water moccasins
  11 porcupines
  A swamp drake (Lair:6)
  Duvessa (D:5)
  6 sky beasts
  2 black bears
  2 orc warriors (D:8)
  An ice beast (D:9)
  6 wolves
  A centaur (D:9)
  3 ogres
  12 crocodiles
  2 big kobolds
  6 bullfrogs
  2 gnoll sergeants
  A wyvern zombie (D:9)
  A water moccasin zombie (D:7)
  32 killer bees
  Dowan (D:5)
  3 scorpions
  3 electric eels
  A howler monkey (D:8)
  A crimson imp (D:10)
  A bullfrog zombie (D:5)
  3 hounds
  A jelly (D:6)
  A bullfrog skeleton (D:5)
  4 orc priests
  2 centaur skeletons
  2 orc wizards (D:3)
  25 worker ants
  2 iguanas
  A worker ant zombie (D:5)
  Robin (D:3)
  11 gnolls
  9 adders
  2 shadow imps
  An ooze (D:4)
  A worm (D:5)
  7 leopard geckos
  13 orcs
  3 ball pythons
  5 bats
  2 giant cockroaches
  17 goblins
  7 hobgoblins
  7 jackals
  31 kobolds
  5 quokkas
  4 frilled lizards
  A leopard gecko skeleton (D:5)
  A quokka skeleton (D:5)
  10 rats
  A fungus (Lair:6)
412 creatures vanquished.

Vanquished Creatures (collateral kills)
  A hydra (Lair:5)
  A queen ant (Lair:3)
  A death yak (D:10)
  2 oklob plants (Lair:3)
  A black mamba (Lair:3)
  2 komodo dragons (Lair:5)
  7 yaks
  A porcupine (Lair:5)
  2 worker ants (Lair:3)
18 creatures vanquished.

Vanquished Creatures (others)
  21 fungi
  13 plants
34 creatures vanquished.

Grand Total: 464 creatures vanquished

Notes
Turn   | Place    | Note
-------+----------+-------------------------------------------
     0 | D:1      | PikkenKukken the Demonspawn Fighter began the quest for the
                  | Orb.
     0 | D:1      | Reached XP level 1. HP: 18/18 MP: 1/1
    11 | D:1      | Found a shimmering altar of Xom.
   588 | D:2      | Reached skill level 2 in Polearms
   721 | D:2      | Found Gozag's Platinum Reserve.
   749 | D:2      | Gained mutation: You are surrounded by a mild repulsion
                  | field. (EV +2) [demonic ancestry]
   749 | D:2      | Reached XP level 2. HP: 23/24 MP: 2/2
   904 | D:2      | Found an opulent altar of Gozag.
   936 | D:2      | Found a white marble altar of Elyvilon.
  1030 | D:2      | Found a faded altar of an unknown god.
  1030 | D:2      | Found a burning altar of Makhleb.
  1039 | D:2      | Found a sparkling altar of Nemelex Xobeh.
  1041 | D:2      | Found a blossoming altar of Fedhas.
  1043 | D:2      | Found a faded altar of an unknown god.
  1065 | D:2      | Became a worshipper of Makhleb the Destroyer
  1552 | D:3      | Noticed a bullfrog
  1562 | D:3      | Killed a bullfrog
  1562 | D:3      | Reached skill level 1 in Dodging
  1562 | D:3      | Reached skill level 1 in Invocations
  1562 | D:3      | Reached XP level 3. HP: 29/29 MP: 3/3
  1562 | D:3      | Reached XP level 4. HP: 35/35 MP: 4/4
  1820 | D:3      | Reached skill level 3 in Polearms
  1820 | D:3      | Gained mutation: You are surrounded by a moderate repulsion
                  | field. (EV +3) [demonic ancestry]
  1820 | D:3      | Reached XP level 5. HP: 5/41 MP: 6/6
  2201 | D:3      | Found a runed gate.
  2202 | D:3      | Noticed derval's ghost (amateur MfIE)
  2203 | D:3      | Found a runed gate.
  2203 | D:3      | Found a runed gate.
  2203 | D:3      | Noticed a phantom
  2264 | D:3      | Reached * piety under Makhleb
  2740 | D:3      | Noticed Robin
  2758 | D:3      | Killed Robin
  3152 | D:4      | Found a radiant altar of Vehumet.
  3220 | D:3      | Reached XP level 6. HP: 32/48 MP: 7/7
  4036 | D:4      | Noticed a sky beast
  4065 | D:4      | Killed a sky beast
  4065 | D:4      | Reached ** piety under Makhleb
  4065 | D:4      | Reached skill level 4 in Polearms
  4230 | D:4      | Gained mutation: You have sharp fingernails. [demonic
                  | ancestry]
  4230 | D:4      | Reached XP level 7. HP: 52/54 MP: 9/9
  4678 | D:5      | Entered Level 5 of the Dungeon
  5305 | D:5      | Noticed Duvessa
  5305 | D:5      | Noticed Dowan
  5320 | D:5      | Killed Dowan
  5328 | D:5      | Killed Duvessa
  5478 | D:5      | Found a stormy altar of Qazlal.
  5516 | D:5      | Gained mutation: You have very sharp fingernails. [demonic
                  | ancestry]
  5516 | D:5      | Reached XP level 8. HP: 61/61 MP: 9/11
  5569 | D:5      | Reached *** piety under Makhleb
  5877 | D:5      | Reached skill level 5 in Polearms
  7142 | D:6      | Found a staircase to the Ecumenical Temple.
  7581 | D:6      | Reached skill level 5 in Fighting
  8208 | D:7      | Reached skill level 5 in Invocations
  8729 | D:7      | Found Caups's Armour Shop.
  8729 | D:7      | Found Boudgh's Jewellery Emporium.
  8748 | D:7      | Bought an uncursed ring of poison resistance for 240 gold
                  | pieces
  8783 | D:7      | Found Qenkut's Antique Armour Emporium.
  8837 | D:7      | Noticed a hippogriff
  8882 | D:7      | Killed a hippogriff
  8882 | D:7      | Reached skill level 6 in Polearms
  8882 | D:7      | Gained mutation: Your flesh is cold resistant. (rC+)
                  | [demonic ancestry]
  8882 | D:7      | Reached XP level 9. HP: 59/68 MP: 12/12
  9228 | D:7      | Reached skill level 5 in Shields
  9583 | D:8      | Reached skill level 5 in Armour
  9585 | D:8      | Noticed Erica
  9601 | D:8      | Killed Erica
  9651 | D:8      | Reached **** piety under Makhleb
  9826 | D:8      | Reached skill level 7 in Polearms
 10498 | D:9      | Gained mutation: You sometimes gain a little power by
                  | taking damage. [demonic ancestry]
 10498 | D:9      | Reached XP level 10. HP: 70/76 MP: 15/15
 10605 | D:9      | Reached skill level 5 in Dodging
 10680 | D:9      | Noticed a death yak
 10691 | D:9      | Noticed a death yak
 10697 | D:9      | Noticed a death yak
 10862 | D:10     | Entered Level 10 of the Dungeon
 11015 | D:10     | Found a snail-covered altar of Cheibriados.
 11230 | D:10     | Reached skill level 8 in Polearms
 11247 | D:10     | Noticed Grum
 11261 | D:10     | Killed Grum
 11280 | D:10     | Identified a scroll of acquirement
 11281 | D:10     | Found the +0 Maxwell's etheric cage {RegenMP+ *Contam rElec
                  | MP+4}
 11599 | D:9      | Found a staircase to the Lair.
 11647 | D:10     | Killed a death yak
 11877 | D:10     | Killed a death yak
 11953 | D:10     | Killed a death yak
 11953 | D:10     | Gained mutation: You have claws for hands. [demonic
                  | ancestry]
 11953 | D:10     | Reached XP level 11. HP: 52/84 MP: 17/17
 12193 | D:9      | Noticed Harold
 12214 | D:9      | Killed Harold
 12852 | D:9      | Reached skill level 9 in Polearms
 13483 | Lair:1   | Entered Level 1 of the Lair of Beasts
 14033 | Lair:1   | Reached skill level 1 in Evocations
 14333 | Lair:2   | Noticed a four-headed hydra
 14353 | Lair:2   | Killed a four-headed hydra
 14745 | Lair:2   | Noticed an oklob plant
 14980 | Lair:2   | Noticed an eight-headed hydra
 14995 | Lair:2   | Killed an eight-headed hydra
 14995 | Lair:2   | Reached XP level 12. HP: 91/91 MP: 19/19
 15170 | Lair:2   | Noticed Urug
 15189 | Lair:2   | Killed Urug
 15189 | Lair:2   | Reached skill level 10 in Polearms
 16418 | Lair:3   | Found a hole to the Spider Nest.
 16516 | Lair:3   | Noticed a five-headed hydra
 16542 | Lair:3   | Killed a five-headed hydra
 16620 | Lair:3   | Reached skill level 10 in Invocations
 16790 | Lair:3   | Noticed a queen ant
 16847 | Lair:3   | Killed a queen ant
 17659 | Lair:3   | Found a staircase to the Swamp.
 18203 | Lair:3   | Reached skill level 11 in Polearms
 18758 | Lair:4   | Found a runed door.
 18759 | Lair:4   | Noticed Meate's ghost (journeyman MiBe)
 18859 | Lair:4   | Reached XP level 13. HP: 92/96 MP: 21/21
 18873 | Lair:4   | Reached skill level 5 in Evocations
 18892 | Lair:4   | Reached ***** piety under Makhleb
 19408 | Lair:5   | Gained mutation: Your muscles are strong. (Str +2) [potion
                  | of mutation]
 19408 | Lair:5   | Gained mutation: Your mind is acute. (Int +2) [potion of
                  | mutation]
 19408 | Lair:5   | Gained mutation: You have large cloven feet. [potion of
                  | mutation]
 19520 | Lair:5   | Found a runed door.
 19521 | Lair:5   | Found a viscous altar of Jiyva.
 19522 | Lair:5   | Noticed an acid blob
 19523 | Lair:5   | Found a staircase to the Slime Pits.
 19523 | Lair:5   | Noticed an acid blob
 20131 | Lair:6   | Entered Level 6 of the Lair of Beasts
 20292 | Lair:6   | Noticed a blizzard demon
 21006 | Lair:6   | Reached skill level 12 in Polearms
 21374 | Lair:5   | HP: 4/98 [black mamba (4)]
 21375 | Lair:5   | Slain by a hornet

Vault maps used:
D:1:      dpeg_arrival_tiny_a, xom_teletrap_fun
D:2:      old_standard_altar, chequers_temple_overflow_minitemple,
          nicolae_gozag_zags_fifth_avenue
D:3:      gammafunk_ghost_split, hangedman_abyss_or_decor_stabs, uniq_robin
D:4:      kennysheep_kobold_camp, fiery_altar_vehumet
D:5:      old_standard_altar, first_ration, uniq_duvessa
D:6:      minmay_temple_entry_nine_rooms
D:7:      serial_shops, nicolae_shop_competitors_out_of_business, shop,
          nicolae_shop_trees
D:8:      grunt_pizzeria, uniq_erica
D:9:      dpeg_lair_monsters, uniq_harold
D:10:     basic_altar, uniq_grum
Lair:2:   nicolae_volcano_entry_hallway, serial_bayou_shore_a,
          minmay_lair_oklob_chamber, infiniplex_staircase_pool, uniq_urug
Lair:3:   dpeg_oklob_shooting_range, swamp_mist_pool, spider_nest_entry_rubble,
          zaba_antful_of_joy
Lair:4:   gammafunk_ghost_grave
Lair:5:   slime_altar_2, cheibrodos_lair_reptile_den
Lair:6:   hangedman_lair_tendril_chambers, guppyfry_lair_drakes

Skill      XL: |  1  2  3  4  5  6  7  8  9 10 11 12 13 |
---------------+----------------------------------------+-----
Polearms       | 2 3 4 6 7 8 9 11 12 | 12.1
Armour         | 3 4 5 6 7 8 9 |  9.2
Dodging        | 1 2 3 4 5 6 7 |  7.0
Shields        | 3 4 5 6 7 8 9 |  9.2
Invocations    | 1 2 4 5 6 8 9 10 11 | 11.9
Fighting       | 4 5 6 7 |  7.8
Evocations     | 2 4 5 |  5.0

Action                   |  1- 3 |  4- 6 |  7- 9 | 10-12 | 13-15 || total
-------------------------+-------+-------+-------+-------+-------++-------
Melee: Trident           |   100 |   233 |   249 |  1098 |   447 ||  2127
       Spear             |       |       |   334 |   347 |       ||   681
       Kick              |       |       |       |       |   151 ||   151
Invok: Minor Destruction |       |       |     2 |     7 |       ||     9
       Lesser Servant of |       |       |       |    12 |     2 ||    14
       Major Destruction |       |       |       |     1 |       ||     1
       Greater Servant o |       |       |       |       |     1 ||     1
 Abil: Evoke Berserk Rag |       |       |       |     3 |       ||     3
Evoke: Wand              |       |       |       |     2 |       ||     2
  Use: Scroll            |     8 |     3 |     5 |    12 |     5 ||    33
       Potion            |       |     2 |     4 |     2 |     2 ||    10
 Stab: Distracted        |       |       |       |       |     2 ||     2
  Eat: Chunk             |     2 |     9 |    10 |    20 |     8 ||    49
       Ration            |       |       |     3 |     5 |       ||     8
Armor: Scale mail        |    32 |    54 |    60 |       |       ||   146
       Chain mail        |       |       |    48 |   331 |    87 ||   466
Dodge: Dodged            |    30 |    68 |   163 |   374 |   139 ||   774
       Deflected         |       |       |       |     3 |     1 ||     4
Block: Shield            |    40 |    98 |   179 |       |    95 ||   412
       Large shield      |       |       |   130 |  1210 |   255 ||  1595

Table legend:
 A = Non-vault XP
 B = Vault XP
 C = Vault XP percentage of total XP
 D = Non-vault monster count
 E = Vault monster count
 F = Vault count percentage of total count
                 A         B        C        D         E       F
            +---------+---------+-------+---------+---------+-------
      Total |   38314 |   16545 |  30.2 |     308 |     121 |  28.2
            +---------+---------+-------+---------+---------+-------
        D:1 |       5 |       0 |   0.0 |       3 |       0 |   0.0
        D:2 |      30 |       0 |   0.0 |      18 |       0 |   0.0
        D:3 |     279 |      37 |  11.7 |      35 |      13 |  27.1
        D:4 |     382 |     120 |  23.9 |      13 |      21 |  61.8
        D:5 |     548 |     202 |  26.9 |      20 |       2 |   9.1
        D:6 |     533 |       0 |   0.0 |      14 |       0 |   0.0
        D:7 |     898 |       0 |   0.0 |      13 |       0 |   0.0
        D:8 |    1070 |    1097 |  50.6 |      13 |       2 |  13.3
        D:9 |    1726 |    2572 |  59.8 |      28 |      24 |  46.2
       D:10 |    2319 |    2777 |  54.5 |      21 |       6 |  22.2
     Lair:1 |    2864 |       0 |   0.0 |      15 |       0 |   0.0
     Lair:2 |    6370 |     742 |  10.4 |      25 |       2 |   7.4
     Lair:3 |    6685 |    3178 |  32.2 |      26 |      31 |  54.4
     Lair:4 |    4473 |       0 |   0.0 |      25 |       0 |   0.0
     Lair:5 |    7278 |     944 |  11.5 |      27 |       3 |  10.0
     Lair:6 |    2854 |    4876 |  63.1 |      12 |      17 |  58.6
            +---------+---------+-------+---------+---------+-------
